 Dungeon Crawl Stone Soup version 0.29.1-2-gbd0b4ee654 (webtiles) character file.

Game seed: 9501038780514430830

11 RascalDebosk the Covered (level 2, -4/20 HPs)
             Began as a Gnoll Wanderer on Oct 29, 2022.
             Frozen to death by an endoplasm (5 damage)
             ... on level 1 of the Dungeon.
             The game lasted 00:03:00 (94 turns).

RascalDebosk the Covered (Gnoll Wanderer)             Turns: 94, Time: 00:03:01

Health: -4/20      AC:  9    Str: 11    XL:     2   Next: 29%
Magic:  3/5        EV:  9    Int:  9    God:
Gold:   23         SH:  5    Dex: 13    Spells: 5/6 levels left

rFire   . . .      SeeInvis .   s - +0 dagger
rCold   . . .      Faith    .   d - +0 buckler {AC+3}
rNeg    . . .      Spirit   .   b - +0 ring mail
rPois   .          Reflect  .   (no helmet)
rElec   .          Harm     .   (no cloak)
rCorr   .          Rampage  .   (no gloves)
Will    .....                   (no boots)
Stlth   +.........              (no amulet)
HPRegen 0.06/turn               (no ring)
MPRegen 0.09/turn               (no ring)

@: no status effects
A: fangs 1, strong nose, distributed training
a: no special abilities


You were on level 1 of the Dungeon.
You visited 1 branch of the dungeon, and saw 1 of its levels.

You collected 23 gold pieces.

Inventory:

Hand Weapons
 s - a +0 dagger (weapon)
Armour
 b - a +0 ring mail (worn)
 d - a +0 buckler of protection (worn)
Scrolls
 c - a scroll of fear


   Skills:
 + Level 0.4 Fighting
 + Level 0.4 Short Blades
 + Level 0.4 Long Blades
 + Level 0.4 Axes
 + Level 0.4 Maces & Flails
 + Level 0.4 Polearms
 + Level 0.4 Staves
 + Level 0.4 Ranged Weapons
 + Level 0.4 Throwing
 + Level 6.5 Armour
 + Level 0.4 Dodging
 + Level 0.4 Stealth
 + Level 4.5 Shields
 + Level 0.4 Unarmed Combat
 + Level 2.7 Spellcasting
 + Level 0.2 Conjurations
 + Level 0.2 Hexes
 + Level 3.7 Summonings
 + Level 0.2 Necromancy
 + Level 0.2 Translocations
 + Level 0.2 Transmutations
 + Level 0.2 Fire Magic
 + Level 0.2 Ice Magic
 + Level 0.2 Air Magic
 + Level 0.2 Earth Magic
 + Level 0.2 Poison Magic
 + Level 4.5 Invocations
 + Level 0.4 Evocations


You had 5 spell levels left.
You knew the following spells:

 Your Spells              Type           Power      Damage    Failure   Level
a - Summon Small Mammal   Summ           28%        N/A       19%         1

Your spell library contained the following spells:

 Spells                   Type           Power      Damage    Failure   Level
 Summon Guardian Golem    Hex/Summ       4%         N/A       75%         3


Dungeon Overview and Level Annotations

Branches:
Dungeon (1/15)

Altars:


Innate Abilities, Weirdness & Mutations

You have very sharp teeth.
Your uncanny sense of smell can sniff out nearby items.
Your experience applies equally to all skills.


Message History

The bat misses your bat.
Casting: Summon Small Mammal (safe; 21% risk of failure)
Press: ? - help, Q - select action Dir - look around, f - activate You miscast Summon Small Mammal.
You are very lightly contaminated with residual magic.
Nothing appears to happen.
* * * LOW MAGIC WARNING * * *
The bat hits you but does no damage.
Your bat barely misses the bat.
You block the bat's attack. The bat barely misses you.
You hit the bat.
You kill the bat!
You hit the hobgoblin.
The hobgoblin is almost dead.
The hobgoblin closely misses you.
You hit the hobgoblin.
You kill the hobgoblin!
Your bat hits the quokka but does no damage.
The quokka bites you but does no damage.
Your bat hits the quokka but does no damage.
The quokka completely misses you.
You have reached level 2!
You closely miss the jackal. Your bat hits the quokka.
The jackal barely misses you.
The quokka bites you but does no damage.
The jackal closely misses you.
You hit the jackal.
The jackal is moderately wounded.
The jackal barely misses you. The quokka bites you.
* * * LOW HITPOINT WARNING * * *
Your bat hits the quokka but does no damage.
Your magical contamination has completely faded away.
You hit the jackal. You bite the jackal, but do no damage.
The jackal is heavily wounded.
Your bat misses the quokka. You block the jackal's attack.
The quokka completely misses you. You block the jackal's attack.
Unknown command.
You hit the jackal. Your bite misses the jackal.
The jackal is almost dead.
Your bat hits the quokka. The quokka barely misses you.
The jackal bites you but does no damage.
The quokka closely misses you.
Unknown command.
You hit the jackal.
You kill the jackal!
Your bat completely misses the quokka.
The quokka bites you but does no damage.
The jackal bites you but does no damage.
You hit the quokka but do no damage. Your bite misses the quokka.
The quokka is heavily wounded.
Your bat closely misses the quokka.
The jackal bites you but does no damage.
The quokka closely misses you.
You barely miss the quokka. You bite the quokka, but do no damage.
The quokka is heavily wounded.
Your bat barely misses the quokka.
The jackal closely misses you. You block the quokka's attack.
The jackal closely misses you.
You hit the quokka.
The quokka is severely wounded.
Your bat misses the quokka. You block the quokka's attack.
The jackal bites you but does no damage.
The quokka bites you.
* * * LOW HITPOINT WARNING * * *
You miss the quokka. Your bite misses the quokka.
The quokka is severely wounded.
The jackal completely misses you.
Your bat closely misses the quokka.
The quokka bites you but does no damage.
The jackal bites you.
* * * LOW HITPOINT WARNING * * *
You hit the quokka.
The quokka is almost dead.
Your bat completely misses the quokka.
The quokka misses you.
The jackal bites you but does no damage.
Unknown command.
You barely miss the quokka.
The quokka is almost dead.
Your bat barely misses the quokka.
The jackal barely misses you.
The quokka bites you but does no damage.
Your bat hits the quokka but does no damage.
You block the jackal's attack.
You hit the quokka but do no damage.
The quokka is almost dead.
Your bat closely misses the quokka.
The quokka misses you.
Your bat barely misses the quokka.
The jackal closely misses you. You block the quokka's attack.
You hit the quokka.
You kill the quokka!
The jackal bites you but does no damage.
You closely miss the hobgoblin.
Your bat disappears in a puff of smoke!
You block the jackal's attack. x2; The hobgoblin closely misses you.
You hit the hobgoblin.
The hobgoblin is almost dead.
You block the jackal's attack. The hobgoblin hits you.
* * * LOW HITPOINT WARNING * * *
You hit the hobgoblin.
You kill the hobgoblin!
The jackal bites you but does no damage. x2
The endoplasm freezes you.
You are frozen.
You die...

#### ∆... #..
###.# ####.§.#
#....J@#
#.##.#h# .. #S#
#.. #S# ... #.#
.. #l#
.......g..g..#
.##.###.#.S.l..
..#h#....


You could see an endoplasm, a jackal, a goblin, 2 ball pythons and a frilled
lizard.

Vanquished Creatures
  An endoplasm (D:1)
  A goblin (D:1)
  3 hobgoblins (D:1)
  A jackal (D:1)
  A quokka (D:1)
  2 bats (D:1)
9 creatures vanquished.

Notes
Turn   | Place    | Note
-------+----------+-------------------------------------------
     0 | D:1      | RascalDebosk the Gnoll Wanderer began the quest for the
                  | Orb.
     0 | D:1      | RascalDebosk set off with the following items: a +0 ring
                  | mail, a scroll of fear, a +0 buckler of protection, a +0
                  | dagger; and the following spell memorised: Summon Small
                  | Mammal; and the following spells available to memorise:
                  | Summon Guardian Golem.
     0 | D:1      | Reached XP level 1. HP: 13/13 MP: 4/4
     9 | D:1      | Noticed a lindwurm
     9 | D:1      | Noticed a wolf
     9 | D:1      | Noticed a wyvern
     9 | D:1      | Noticed a polar bear
    78 | D:1      | Reached XP level 2. HP: 8/19 MP: 1/5
    92 | D:1      | HP: 1/20 [hobgoblin (3)]
    94 | D:1      | Frozen to death by an endoplasm

Illustrated notes

Levels and vault maps discovered:
D:1:      onia_arrival_zoo_common, layout_basic,
          dilly_ecumenical_altar_fadedgnrine

Action                   || total
-------------------------++-------
Melee: Dagger            ||    35
       Bite              ||     5
 Cast: Summon Small Mamm ||     6
Armor: Ring mail         ||    27
Dodge: Dodged            ||    34
Block: Buckler           ||    16
